 Dungeon Crawl Stone Soup version 0.29.1-1-gd02db6906a (webtiles) character file.

Game seed: 10961968932470927826

1939 penguinFlipper the Slasher (level 9, 56/56 HPs)
             Began as a Gargoyle Fighter on Sept 13, 2022.
             Quit the game on level 5 of the Dungeon on Sept 17, 2022.
             The game lasted 00:23:29 (7554 turns).

penguinFlipper the Slasher (Gargoyle Fighter)       Turns: 7554, Time: 00:23:30

Health: 56/56      AC: 24    Str: 18 (20) XL:     9   Next: 18%
Magic:  9/9        EV:  9    Int:  7 (9)  God:
Gold:   742        SH:  5    Dex: 11 (13) Spells: 8/8 levels left

rFire   . . .      SeeInvis .   a - +0 long sword (freeze)
rCold   . . .      Faith    .   c - +0 buckler
rNeg    + . .      Spirit   .   w - +1 plate armour
rPois   ∞          Reflect  .   (no helmet)
rElec   +          Harm     .   (no cloak)
rCorr   .          Rampage  .   (no gloves)
Will    .....                   (no boots)
Stlth   ..........              (no amulet)
HPRegen 0.18/turn               h - +4 ring of protection
MPRegen 0.11/turn               s - +4 ring of evasion

@: no status effects
A: sickness immunity, AC +6, negative energy resistance 1, electricity
resistance, torment resistance 1, petrification resistance, high MP 1
a: no special abilities


You were on level 5 of the Dungeon.
You visited 1 branch of the dungeon, and saw 5 of its levels.

You collected 775 gold pieces.
You spent 33 gold pieces at shops.

Inventory:

Hand Weapons
 a - a +0 long sword of freezing (weapon)
 d - a +0 vampiric falchion
Missiles
 e - 7 poisoned darts (quivered)
 f - 133 stones
 o - 2 boomerangs
 q - a curare-tipped dart
Armour
 c - a +0 buckler (worn)
 w - a +1 plate armour (worn)
Jewellery
 h - a +4 ring of protection (left hand)
 n - a +6 ring of dexterity
 s - a +4 ring of evasion (right hand)
Wands
 g - a wand of charming (4)
Scrolls
 i - a scroll of brand weapon
 l - 2 scrolls of enchant weapon
 v - a scroll of poison
Potions
 b - a potion of cancellation
 j - 2 potions of heal wounds
 p - a potion of brilliance
 u - 2 potions of flight


   Skills:
 + Level 6.5 Fighting
 * Level 7.0 Long Blades
 + Level 6.6 Armour
 + Level 6.5 Shields


You had 8 spell levels left.
You didn't know any spells.
Your spell library contained the following spells:

 Spells                   Type           Power      Damage    Failure   Level
 Poisonous Vapours        Pois/Air       0%         N/A       100%        2
 Static Discharge         Conj/Air       0%         3-3/arc   100%        2
 Corpse Rot               Necr/Pois/Air  0%         N/A       100%        4
 Petrify                  Tmut/Erth      0%         N/A       100%        4
 Irradiate                Conj/Tmut      0%         3d11      100%        5
 Lightning Bolt           Conj/Air       0%         1d11      100%        5
 Maxwell's Capacitive Co  Air            0%         ∞         100%        8
 Sublimation of Blood     Necr           Unusable   N/A       N/A         2

Dungeon Overview and Level Annotations

Branches:
Dungeon (5/15)
 Temple: D:4-7

Altars:
Wu Jian

Shops:
D:5 *


Innate Abilities, Weirdness & Mutations

You are immune to sickness and miasma.
Your stone body is resilient. (AC +6)
You are immune to poison.
You resist negative energy. (rN+)
You are resistant to electric shocks. (rElec)
You are resistant to unholy torment.
You are immune to petrification.
You have an increased reservoir of magic. (+10% MP)


Message History

You hit the ice beast.
The ice beast is severely wounded.
The ice beast hits you but does no damage.
You slash the ice beast!
The ice beast is almost dead.
The ice beast closely misses you.
You hit the ice beast.
You kill the ice beast!
Your Long Blades skill increases to level 7!
There is an entrance to Ynog's General Store here.
There is an entrance to Virij's Specific Store here.
d - a +0 falchion Thank you for shopping at Virij's Specific Store!
As you read the scroll of brand weapon, it crumbles to dust.
Your +0 falchion thirsts for the lives of mortals!
d - a +0 vampiric falchion Done exploring.
There is an abandoned shop here.
There is an entrance to Ynog's General Store here.
Okay, then.
As you read the scroll of identify, it crumbles to dust.
r - a scroll of enchant armour
As you read the scroll of identify, it crumbles to dust.
v - a scroll of poison
Okay, then.
As you read the scroll of enchant armour, it crumbles to dust.
Your +0 plate armour glows green for a moment.
Okay, then.
It was a potion of cancellation.
You feel magically purged.
It was a potion of degeneration.
There was something very wrong with that liquid.
You feel weakened.
You feel dopey.
You feel clumsy.
You start waiting.
Done waiting.
There is an open door here.
There is a stone staircase leading down here.
Saving game... please wait.
Welcome back, penguinFlipper the Gargoyle Fighter.
Press ? for a list of commands and other information.
Are you sure you want to abandon this character and quit the game? (Confirm with "yes".)

.######.....#
#.#.# #.#
............#
#.#.# #.#
............#
#.#.# #.#
.###.########
#.#.# #.### .#
#.# #.#.# #.#.#
.# #.# #.#.#
#.#.# .# #.#
#.#.#####.#.#
.# #.#
#.#.........#
.# #.#
#.@.......#.#
.# #.#
###########.#
.# #.# #.# .#
#.#############
#.# .#
#.............#
#.# .#
#.###########.#
#.# .# #.#
#.########.###
.# ###
#............#
.#
#.############


There were no monsters in sight!

Vanquished Creatures
  An ice beast (D:5)
  A sky beast (D:5)
  An ogre (D:5)
  2 centaurs (D:5)
  A phantom (D:5)
  Blork the orc (D:5)
  3 kobold brigands (D:4)
  A necrophage (D:5)
  2 scorpions (D:4)
  A howler monkey (D:5)
  2 jellies
  An orc priest (D:3)
  2 hounds
  Jessica (D:2)
  4 iguanas
  5 orc wizards
  Ijyb (D:3)
  16 gnolls (D:4)
  9 adders
  A white imp (D:5)
  3 ufetubi
  3 worms
  4 dart slugs
  14 orcs
  3 endoplasms
  6 giant cockroaches
  11 hobgoblins
  3 jackals
  4 quokkas
  3 ball pythons
  5 bats (D:1)
  2 frilled lizards
  9 goblins
  39 kobolds
  5 rats
170 creatures vanquished.

Vanquished Creatures (collateral kills)
  3 jellies (D:5)
  6 hobgoblins (D:4)
  3 kobolds (D:4)
12 creatures vanquished.

Vanquished Creatures (others)
  An ogre (D:5)
  An iguana (D:5)
  A gnoll (D:4)
3 creatures vanquished.

Grand Total: 185 creatures vanquished

Notes
Turn   | Place    | Note
-------+----------+-------------------------------------------
     0 | D:1      | penguinFlipper the Gargoyle Fighter began the quest for the
                  | Orb.
     0 | D:1      | Reached XP level 1. HP: 14/14 MP: 1/1
    98 | D:1      | Reached skill level 2 in Long Blades
   300 | D:1      | Reached XP level 2. HP: 19/19 MP: 2/2
   816 | D:1      | Reached XP level 3. HP: 20/23 MP: 3/3
  1328 | D:1      | Gained mutation: You have an increased reservoir of magic.
                  | (+10% MP) [potion of mutation]
  2041 | D:2      | Noticed Jessica
  2045 | D:2      | Killed Jessica
  2046 | D:2      | Reached XP level 4. HP: 22/29 MP: 4/4
  2194 | D:3      | Reached skill level 3 in Long Blades
  2377 | D:3      | Noticed Ijyb
  2409 | D:3      | Killed Ijyb
  2410 | D:3      | Reached XP level 5. HP: 22/33 MP: 5/5
  2688 | D:3      | Found a faded altar of an unknown god.
  3314 | D:4      | Reached XP level 6. HP: 38/38 MP: 6/6
  3584 | D:4      | Reached skill level 4 in Long Blades
  3875 | D:4      | Found a glowing drain.
  4165 | D:4      | Reached XP level 7. HP: 34/44 MP: 7/7
  4547 | D:4      | Reached skill level 5 in Armour
  4647 | D:4      | Reached skill level 5 in Shields
  4657 | D:4      | Reached skill level 5 in Fighting
  4657 | D:4      | Reached skill level 5 in Long Blades
  5210 | D:4      | Reached XP level 8. HP: 47/49 MP: 8/8
  5444 | D:5      | Entered Level 5 of the Dungeon
  5568 | D:5      | Noticed Blork the orc
  5590 | D:5      | Killed Blork the orc
  6002 | D:5      | Reached skill level 6 in Long Blades
  6207 | D:5      | Found Ynog's General Store.
  6209 | D:5      | Found Virij's Specific Store.
  6529 | D:5      | Found an ornate altar of the Wu Jian Council.
  6877 | D:5      | Reached XP level 9. HP: 44/55 MP: 9/9
  7383 | D:5      | Reached skill level 7 in Long Blades
  7406 | D:5      | Bought a +0 falchion for 33 gold pieces
  7554 | D:5      | Upgraded the game from 0.29.1 to 0.29.1-1-gd02db6906a
  7554 | D:5      | Quit the game

Illustrated notes

Levels and vault maps discovered:
D:1:      psy_arrival_whirlpool, layout_basic, st_stairs_9,
          hangedman_decor_diamond_cutter, minmay_tetromino_s4
D:2:      layout_basic, uniq_jessica
D:3:      layout_basic, hellmonk_ecumenical_altar_blasted, uniq_ijyb
D:4:      minmay_goblin_kobold_castle, layout_gridville, portal_sewer_entry_d
D:5:      minmay_polygon_palace, layout_basic, amcnicky_altar_gilded,
          nicolae_specific_store, grunt_tough_drop, uniq_blork_the_orc

Skill      XL: |  1  2  3  4  5  6  7  8  9 |
---------------+----------------------------+-----
Long Blades    | 2 3 4 5 6 7 |  7.0
Armour         | 4 5 6 |  6.6
Fighting       | 4 5 6 |  6.5
Shields        | 4 5 6 |  6.5

Action                   |  1- 3 |  4- 6 |  7- 9 || total
-------------------------+-------+-------+-------++-------
Melee: Long sword        |   179 |   162 |   313 ||   654
Evoke: Wand              |       |       |    10 ||    10
  Use: Potion            |     3 |     2 |     4 ||     9
       Scroll            |     1 |     4 |     5 ||    10
Armor: Scale mail        |   130 |    23 |       ||   153
       Chain mail        |       |    94 |   156 ||   250
       Plate armour      |       |       |    98 ||    98
Dodge: Dodged            |   113 |    51 |   116 ||   280
Block: Buckler           |    50 |    43 |    88 ||   181
